 Dungeon Crawl Stone Soup version 0.17-a0-986-gf45d1aa (webtiles) character file.

1267 InterDimensionalOwl the Sneak (level 8, 0/48 HPs)
             Began as a Kobold Hunter on May 11, 2015.
             Engulfed by a cloud of flame (6 damage)
             ... on level 5 of the Dungeon.
             The game lasted 00:47:36 (5236 turns).

InterDimensionalOwl the Sneak (Kobold Hunter)       Turns: 5236, Time: 00:47:36

Health: 0/48       AC:  5    Str: 11    XL:     8   Next: 82%
Magic:  8/8        EV: 17    Int:  9    God:
Gold:   199        SH:  0    Dex: 18    Spells: 0 memorised, 7 levels left

rFire  + . .     SeeInvis .     a - +4 short sword
rCold  . . .     Clarity  .     d - +0 leather armour
rNeg   . . .     SustAb   .     (shield restricted)
rPois  .         Gourm    .     (no helmet)
rElec  .         Spirit   .     p - +0 cloak
rCorr  .         Warding  .     (no gloves)
rMut   .         Stasis   .     q - +0 pair of boots
MR     .....                    l - amulet of rage
Stlth  ++++......               (no ring)
                                f - ring of protection from fire

@: not resistant to hostile enchantments, stealthy
A: carnivore 3
a: Evoke Berserk Rage


You were on level 5 of the Dungeon.
You were not hungry.

You visited 1 branch of the dungeon, and saw 5 of its levels.

You collected 199 gold pieces.

Inventory:

Hand weapons
 a - a +4 short sword (weapon)
 b - a +2 hunting sling of flaming
 h - a +1 hand crossbow
 j - a +0 short sword
 n - a +1 dagger of protection
 v - a +0 rapier
 D - a +2 short sword of venom
Missiles
 c - 44 bolts
 i - 10 sling bullets
 k - 120 stones (quivered)
 s - a tomahawk
 t - 2 silver tomahawks
Armour
 d - a +0 leather armour (worn)
 p - a +0 cloak (worn)
 q - a +0 pair of boots (worn)
 u - a +0 leather armour
Jewellery
 f - a ring of protection from fire (left hand)
 l - an amulet of rage (around neck)
Scrolls
 r - a scroll of fog
 x - a scroll of blinking
 E - a scroll of enchant armour {unknown}
 F - a scroll of teleportation {unknown}
Potions
 g - a potion of curing
 o - a potion of invisibility {unknown}
 w - a potion of magic
 z - 2 potions of berserk rage {unknown}
 A - 2 potions of might {unknown}
 C - 2 potions of flight {unknown}
Comestibles
 e - a meat ration
 m - 3 bread rations
 B - a royal jelly


   Skills:
 - Level 4.0 Fighting
 - Level 5.5 Short Blades
 + Level 6.7 Slings
 - Level 4.8 Crossbows
 - Level 0.2 Armour
 + Level 4.5 Dodging
 + Level 7.4 Stealth


You had 7 spell levels left.
You didn't know any spells.

Dungeon Overview and Level Annotations

Branches:
Dungeon (5/15)
 Temple: D:4-7

Altars:
Elyvilon
Okawaru
Yredelemnul


Innate Abilities, Weirdness & Mutations

You are small and have problems with some larger weapons.
You are carnivorous and can eat meat at any time.


Message History

Aim: a centaur zombie (inner flame)
You shoot a sling bullet.
The sling bullet hits the centaur zombie.
The sling bullet burns the centaur zombie.
The centaur zombie closely misses you.
Your +2 hunting sling of flaming stops flaming.
a - a +4 short sword (weapon)
The centaur zombie hits you.
You hit the centaur zombie. The centaur zombie closely misses you.
You hit the centaur zombie.
The centaur zombie completely misses you.
You puncture the centaur zombie! The centaur zombie hits you.
You hit the centaur zombie. The centaur zombie closely misses you.
You hit the centaur zombie. The centaur zombie hits you.
You hit the centaur zombie.
The centaur zombie explodes!
The fiery explosion engulfs you! You resist.
* * * LOW HITPOINT WARNING * * *
You are engulfed in roaring flames.
You resist.
You die...

.... ..... ##. .<..
## #.. #.. .## ..##
#.## ##ยง.# #.###
#..####@#
#...####....?.# ###
##...........###
###.##
##..........###
..#..#.# #
##....##....##
#.####.## .#
......#....## #..#
#..## ##.
...........## ...
#...##..#
#...........###
##.######.....#
#..####.......###.#
#.....#..##


There were no monsters in sight!

Vanquished Creatures
  Duvessa (D:4)
  A black bear (D:4)
  2 ogres (D:4)
  A phantom (D:5)
  The ghost of oplop the Sneak, an average SpEn (D:3)
  Dowan (D:4)
  2 scorpions
  The ghost of asdu the Magician, a weakling DsWn (D:4)
  A centaur zombie (D:5)
  3 orc priests (D:4)
  2 hounds (D:4)
  A worker ant (D:5)
  6 orc wizards
  An iguana (D:5)
  3 gnolls (D:4)
  4 adders
  An adder skeleton (D:5)
  4 worms
  8 orcs
  2 ball pythons
  8 bats
  4 goblins
  10 hobgoblins
  14 jackals
  13 kobolds
  2 quokkas
  4 giant cockroaches
  4 giant geckos
  4 giant newts
  12 rats
  A plant (D:1)
122 creatures vanquished.

Vanquished Creatures (others)
  A quokka (D:3)
1 creature vanquished.

Grand Total: 123 creatures vanquished

Notes
Turn   | Place    | Note
--------------------------------------------------------------
     0 | D:1      | InterDimensionalOwl the Kobold Hunter began the quest for the Orb.
     0 | D:1      | Reached XP level 1. HP: 12/12 MP: 1/1
   253 | D:1      | Reached XP level 2. HP: 17/17 MP: 2/2
   272 | D:1      | Reached skill level 1 in Short Blades
   440 | D:1      | Reached skill level 1 in Slings
   902 | D:1      | Reached XP level 3. HP: 21/21 MP: 3/3
  1474 | D:2      | Reached XP level 4. HP: 26/26 MP: 4/4
  1649 | D:3      | Found an iron altar of Okawaru.
  1737 | D:3      | Found a white marble altar of Elyvilon.
  2027 | D:3      | Noticed oplop's ghost (average SpEn)
  2045 | D:3      | Killed oplop's ghost
  2045 | D:3      | Reached XP level 5. HP: 11/30 MP: 5/5
  2761 | D:4      | Found a basalt altar of Yredelemnul.
  2793 | D:4      | Reached skill level 5 in Stealth
  2793 | D:4      | Reached XP level 6. HP: 28/35 MP: 6/6
  3155 | D:4      | Reached XP level 7. HP: 27/40 MP: 7/7
  3362 | D:4      | Noticed asdu's ghost (weakling DsWn)
  3364 | D:4      | Reached skill level 6 in Stealth
  3368 | D:4      | Killed asdu's ghost
  3368 | D:4      | Reached skill level 5 in Slings
  3403 | D:4      | Noticed an ogre
  3414 | D:4      | Killed an ogre
  3533 | D:4      | Noticed Duvessa
  3538 | D:4      | Noticed Dowan
  3540 | D:4      | Killed Duvessa
  3540 | D:4      | Reached skill level 5 in Short Blades
  3540 | D:4      | Reached XP level 8. HP: 45/45 MP: 8/8
  3558 | D:4      | Killed Dowan
  4156 | D:5      | Entered Level 5 of the Dungeon
  4760 | D:5      | Reached skill level 7 in Stealth
  5236 | D:5      | Engulfed by a cloud of flame

Vault maps used:
D:1:      dpeg_arrival_ternary, serial_bayou_crossing
D:3:      elyvilon_altar_4, okawaru_trees_1
D:4:      overflow_temple_1_default, uniq_duvessa
D:5:      first_bread, due_unseen_surprise

Action                   |  1- 3 |  4- 6 |  7- 9 || total
-------------------------+-------+-------+-------++-------
Melee: Short sword       |    99 |    77 |    43 ||   219
 Fire: Hunting sling     |    65 |    81 |   115 ||   261
Throw: Stone             |       |     4 |    12 ||    16
  Use: Scroll            |     6 |     5 |     2 ||    13
       Potion            |       |     1 |     1 ||     2
 Stab: Sleeping          |       |       |     1 ||     1
  Eat: Chunk             |     6 |     7 |     4 ||    17
